 Dungeon Crawl Stone Soup version 0.20.1-1-g8b1a95d (webtiles) character file.

187 OneorTwo the Chopper (level 5, -13/48 HPs)
             Began as a Hill Orc Fighter on July 30, 2017.
             Was an Initiate of Okawaru.
             Mangled by an ogre
             ... wielding a +0 giant club
              (25 damage)
             ... on level 4 of the Dungeon.
             The game lasted 00:12:04 (2553 turns).

OneorTwo the Chopper (Hill Orc Fighter)             Turns: 2553, Time: 00:12:04

Health: -13/48     AC:  9    Str: 20    XL:     5   Next: 66%
Magic:  5/5        EV:  3    Int:  8    God:    Okawaru [......]
Gold:   134        SH:  9    Dex: 10    Spells: 4/4 levels left

rFire    . . .     SeeInvis .   q - +3 mace
rCold    . . .     Gourm    .   c - +0 shield
rNeg     . . .     Faith    .   w - +0 plate armour
rPois    .         Spirit   .   (no helmet)
rElec    .         Reflect  .   (no cloak)
rCorr    .         Harm     .   (no gloves)
MR       .....     Rnd*Tele +   j - +0 pair of boots
Stlth    ..........             (no amulet)
Regen    0.2/turn               p - -3 ring of protection (curse)
MPRegen  0.1/turn               y - ring of teleportation (curse)

@: no status effects
A: no striking features
a: Renounce Religion


You were on level 4 of the Dungeon.
You worshipped Okawaru.
Okawaru was noncommittal.
You were not hungry.

You visited 1 branch of the dungeon, and saw 4 of its levels.

You collected 134 gold pieces.

Inventory:

Hand Weapons
 a - a +0 war axe
 o - a +0 dagger of venom
 q - a +3 mace (weapon)
Missiles
 h - 56 arrows
 i - 127 stones (quivered)
 r - 38 poisoned needles
Armour
 c - a +0 shield (worn)
 j - a +0 pair of boots (worn)
 w - a +0 plate armour (worn)
Jewellery
 m - a +3 ring of evasion {unknown}
 p - a cursed -3 ring of protection (left hand)
 y - a cursed ring of teleportation (right hand)
Scrolls
 b - a scroll of fog
 l - 4 scrolls of identify
 x - a scroll of teleportation
Potions
 d - a potion of might
 e - a potion of agility {unknown}
 n - 2 potions of lignification {unknown}
 t - a potion of heal wounds
 u - a potion of curing {unknown}
 z - a potion of invisibility {unknown}
Books
 v - a book of Maledictions

   Spells                             Type                      Level
   a - Corona                         Hexes                        1
   b - Ensorcelled Hibernation        Hexes/Ice                    2
   c - Confuse                        Hexes                        3
   d - Tukima's Dance                 Hexes                        3
   e - Dazzling Spray                 Conjuration/Hexes            3
Comestibles
 f - 2 bread rations
 g - 2 royal jellies
 k - a meat ration
 s - 11 fruits


   Skills:
 + Level 5.2 Fighting
 - Level 5.9(6.1) Axes
 * Level 1.2(3.3) Maces & Flails
 - Level 3.2 Armour
 - Level 3.2 Shields


You had 4 spell levels left.
You didn't know any spells.

Dungeon Overview and Level Annotations

Branches:
Dungeon (4/15)             Temple (0/1) D:4

Altars:
Fedhas
Okawaru


Message History

The ogre shouts!
You start resting.
Okay, then.
Throwing (i - inventory):
i - 128 stones (quivered)
Press: ? - help, Shift-Dir - straight line, f - ogre
Aim: an ogre, wielding a giant club You throw a stone.
The stone barely misses the ogre.
You barely miss the ogre. The ogre hits you with a giant club!!
You hit the ogre.
The ogre is lightly wounded.
The ogre hits you with a giant club!
* * * LOW HITPOINT WARNING * * *
You sock the ogre!
The ogre is heavily wounded.
You block the ogre's attack.
You hit the ogre.
The ogre is heavily wounded.
The ogre barely misses you. The ogre hits you with a giant club!!
Ouch! That really hurt!
You die...

..# #. ...<..#.. #..
#.P.P....#.. ...
#..>......% #.P.P....O##
.. ..........#.... #.
#.#.# #.......O
..#########...###.# #
..............##..# .
.##........@O(##.##
#............##....######
#.###........####.........
#.# #.......## #.#######.
#.# #.......# #.# #.#
#.......# ..# #.#
##.#.#### #.## #.####....#
#. ###.......#.#### ..


You could see an ogre.

Vanquished Creatures
  The ghost of SlightEye the Skirmisher, a weakling DsBe of Trog (D:3)
  A worker ant (D:4)
  4 adders
  An ooze (D:1)
  2 worms
  2 dart slugs (D:1)
  A leopard gecko (D:2)
  An orc (D:3)
  6 giant cockroaches
  14 goblins
  8 hobgoblins
  2 jackals (D:4)
  6 bats
  4 frilled lizards
  6 kobolds
  A quokka skeleton (D:4)
  8 rats
68 creatures vanquished.

Notes
Turn   | Place    | Note
-------+----------+-------------------------------------------
     0 | D:1      | OneorTwo the Hill Orc Fighter began the quest for the Orb.
     0 | D:1      | Reached XP level 1. HP: 19/19 MP: 1/1
    82 | D:1      | Reached XP level 2. HP: 19/27 MP: 2/2
   261 | D:1      | Found an iron altar of Okawaru.
   287 | D:1      | Reached XP level 3. HP: 22/33 MP: 3/3
   341 | D:1      | Became a worshipper of Warmaster Okawaru
   904 | D:2      | Reached XP level 4. HP: 36/41 MP: 4/4
  1180 | D:2      | Reached skill level 5 in Axes
  1964 | D:3      | Noticed SlightEye's ghost (weakling DsBe)
  1994 | D:3      | HP: 2/41 [SlightEye's ghost (7)]
  2009 | D:3      | Killed SlightEye's ghost
  2009 | D:3      | Reached skill level 5 in Fighting
  2009 | D:3      | Reached XP level 5. HP: 13/48 MP: 5/5
  2330 | D:4      | Found a blossoming altar of Fedhas.
  2446 | D:4      | Found a staircase to the Ecumenical Temple.
  2471 | D:4      | Reached skill level 1 in Maces & Flails
  2493 | D:4      | Noticed an ogre
  2553 | D:4      | Mangled by an ogre

Skill      XL: |  1  2  3  4  5 |
---------------+----------------+-----
Axes           | 3 4 5 |  5.9
Fighting       | 4 5 |  5.2
Maces & Flails | 1 |  1.2
Armour         | |  3.2
Shields        | |  3.2

Action                   |  1- 3 |  4- 6 || total
-------------------------+-------+-------++-------
Melee: War axe           |    61 |       ||    61
       Mace              |    31 |   124 ||   155
       Whip              |    18 |       ||    18
       Dagger            |       |    19 ||    19
Throw: Stone             |     5 |     8 ||    13
  Use: Scroll            |     1 |     5 ||     6
       Potion            |       |     1 ||     1
  Eat: Chunk             |       |     6 ||     6
Armor: Scale mail        |    56 |    26 ||    82
       Plate armour      |       |    33 ||    33
Dodge: Dodged            |    44 |    22 ||    66
Block: Shield            |    56 |    61 ||   117
